 Dungeon Crawl Stone Soup version 0.16.0-17-g811c1d7 (webtiles) character file.

117 Chiseanne the Insei (level 5, -1/28 HPs)
             Began as a Vine Stalker Monk on Mar 20, 2015.
             Slain by a scorpion (2 damage)
             ... on level 4 of the Dungeon.
             The game lasted 00:05:20 (1671 turns).

Chiseanne the Insei (Vine Stalker Monk)             Turns: 1671, Time: 00:05:20

Health: -1/28      AC:  5    Str: 14    XL:     5   Next: 1%
Magic:  0/7        EV: 13    Int: 10    God:
Gold:   115        SH:  0    Dex: 17    Spells: 0 memorised, 4 levels left

rFire  + . .     SeeInvis .       - Unarmed
rCold  . . .     Clarity  .     t - +1 leather armour {rF+}
rNeg   . . .     SustAb   .     (no shield)
rPois  .         Gourm    .     (no helmet)
rElec  .         Spirit   +     e - +0 cloak
rCorr  .         Warding  .     (no gloves)
rMut   .         Stasis   .     (no boots)
MR     .....                    (no amulet)
Stlth  ++........               (no ring)
                                m - ring of teleport control

@: lethally poisoned (-1 -> -16), not resistant to hostile enchantments,
unstealthy
A: fangs 2, regeneration 1, magic shield, antimagic bite, no device heal 3, rot
immunity
a: Evoke Teleport Control


You were on level 4 of the Dungeon.
You were not hungry.

You visited 1 branch of the dungeon, and saw 4 of its levels.

You collected 115 gold pieces.

Inventory:

Hand weapons
 w - a +0 blowgun
Missiles
 s - 33 poisoned needles
Armour
 e - a +0 cloak (worn)
 t - a +1 leather armour of fire resistance (worn)
Jewellery
 m - a ring of teleport control (left hand)
Magical devices
 o - a wand of paralysis (19)
Scrolls
 a - a scroll of enchant weapon {unknown}
 c - a scroll of teleportation {unknown}
 d - 3 scrolls of remove curse {unknown}
 f - a scroll of identify {unknown}
 g - 2 scrolls of magic mapping {unknown}
 n - a scroll of recharging {unknown}
Potions
 h - 2 potions of resistance {unknown}
 i - 2 potions of might {unknown}
 k - a potion of heal wounds {unknown}
 l - a potion of curing {unknown}
 r - 2 potions of flight {unknown}
Comestibles
 b - 2 bread rations
 j - 2 chunks of flesh
 p - a beef jerky
 q - 2 fruits


   Skills:
 * Level 3.5 Fighting
 * Level 1.2 Armour
 - Level 2.7 Dodging
 - Level 2.4 Stealth
 * Level 5.0 Unarmed Combat


You had 4 spell levels left.
You didn't know any spells.

Dungeon Overview and Level Annotations

Branches:
Dungeon (4/15)
 Temple: D:4-7

Altars:

Annotations:
D:4 Grinder


Innate Abilities, Weirdness & Mutations

You have extremely sharp teeth.
Your natural rate of healing is unusually fast.
When hurt, damage is shared between your health and your magic reserves.
Your bite disrupts and absorbs the magic of your enemies.
Potions and wands cannot restore your health.
You are immune to rotting.


Message History

The scorpion is heavily wounded.
* * * LOW HITPOINT WARNING * * *
You feel sick. The scorpion closely misses you.
You barely miss the scorpion. You bite the scorpion. You drain its power.
The scorpion is almost dead.
* * * LOW HITPOINT WARNING * * *
You feel sick. The scorpion closely misses you.
You hit the scorpion but do no damage. Your bite misses the scorpion.
The scorpion is almost dead.
* * * LOW HITPOINT WARNING * * *
You feel sick. Grinder gestures at you.
You struggle to resist.
The scorpion stings you.
You are more poisoned.
The scorpion poisons you!
You hit the scorpion but do no damage.
The scorpion is almost dead.
* * * LOW HITPOINT WARNING * * *
You feel sick. The scorpion stings you!
You die...

.#.#.#.#.# .#.#.#.#.#.
.# # # #.#.#.#.#.#
.#.#.#.#.#.#[#.#. .#.#.#
#.#.#.#w# ####
##...##.##..##.## .....
....##.....5..#
.......####..#####...###
......ls@5....##..w...#
.......#####...#.#....#
..... #..#..#....# ....
##.##.#w...# ...
#.........# .
#..#...#.....
#..#.........
#..........l.
#.#.#........


You could see Grinder, a scorpion and a giant newt.

Vanquished Creatures
  A crimson imp (D:4)
  An adder (D:3)
  A giant mite (D:3)
  A worm (D:3)
  2 giant geckos
  An ooze (D:1)
  3 orcs (D:4)
  A ball python (D:3)
  8 bats
  9 goblins
  4 hobgoblins
  7 kobolds
  A quokka (D:2)
  2 giant cockroaches
  A giant newt (D:3)
  8 rats
51 creatures vanquished.

Notes
Turn   | Place    | Note
--------------------------------------------------------------
     0 | D:1      | Chiseanne, the Vine Stalker Monk, began the quest for the Orb.
     0 | D:1      | Reached XP level 1. HP: 11/11 MP: 1/1
   131 | D:1      | Reached XP level 2. HP: 11/16 MP: 0/3
   677 | D:2      | You fall through a shaft!
   694 | D:3      | Reached XP level 3. HP: 18/20 MP: 4/4
  1041 | D:3      | Reached XP level 4. HP: 24/24 MP: 5/5
  1513 | D:4      | Reached skill level 1 in Armour
  1520 | D:4      | Reached skill level 5 in Unarmed Combat
  1600 | D:4      | Noticed Grinder
  1626 | D:4      | Reached XP level 5. HP: 3/28 MP: 7/7
  1671 | D:4      | HP: 1/28 [poisoned by a scorpion]
  1671 | D:4      | Slain by a scorpion

Action                   |  1- 3 |  4- 6 || total
-------------------------+-------+-------++-------
Melee: Unarmed           |    80 |    55 ||   135
Evoke: Wand              |     1 |       ||     1
 Stab: Sleeping          |     1 |       ||     1
       Paralysed         |     1 |       ||     1
  Eat: Chunk             |       |     2 ||     2
